Map: Ulrena

Players

zidar - Winner!

  • Race: Zerg Zerg
  • League: Gold
  • Spawn Location: 11:00

Slayer

  • Race: Terran Terran
  • League: Gold
  • Spawn Location: 7:00

VOD

Have the link to the VOD?

Description

Time

  • Played on: May 14, 2016, 11:51 a.m.
  • Length: 7:29
Show
View Real Time Build Order
Export as new Build Order

zidar Zerg - Winner!

Build Orders: Hatch First 

Get SALT Encoding   

  12  0:02  Drone  
  13  0:12  Overlord  
  13  0:17  Drone  
  14  0:30  Drone x2  
  16  0:40  Drone  
  17  0:55  Hatchery  
  16  0:57  Drone  
  17  1:14  Spawning Pool  
  17  1:15  Drone  
  17  1:18  Extractor  
  17  1:20  Drone  
  17  1:43  Drone  
  17  1:54  Overlord, Drone  
  18  2:01  Queen  
  18  2:04  Zergling x2  
  21  2:11  Roach Warren  
  21  2:15  Queen  
  22  2:19  Drone  
  23  2:23  Drone  
  24  2:30  Drone x2  
  26  2:42  Drone  
  26  2:43  Drone  
  28  2:59  Extractor  
  28  3:04  Metabolic Boost  
  27  3:08  Roach x4  
  35  3:15  Overlord  
  35  3:28  Drone  
  35  3:31  Overlord  
  36  3:45  Roach x4  
  44  3:54  Roach x3  
  50  4:01  Drone x2  
  52  4:08  Overlord  
  52  4:27  Drone x3  
  52  4:29  Roach x2  
  58  4:50  Overlord  
  58  4:51  Overlord x2  
  58  4:55  Lair  
  58  5:10  Ravager  
  58  5:11  Ravager x3  
  58  5:13  Zergling x2  
  58  5:14  Zergling x14  
  70  5:29  Drone  
  71  5:46  Drone x2  
  75  5:50  Roach x3  
  61  6:34  Roach x10  
Show
View Real Time Build Order
Export as new Build Order

Slayer Terran 

Build Orders: Liberator Opening 

Get SALT Encoding   

  12  0:01  SCV  
  13  0:17  Supply Depot  
  13  0:19  SCV  
  14  0:25  Refinery  
  14  0:32  SCV  
  15  0:47  SCV  
  15  0:48  Barracks  
  16  0:59  SCV  
  17  1:11  SCV  
  18  1:18  Barracks  
  18  1:24  SCV  
  19  1:28  Refinery  
  19  1:36  Marine  
  20  1:40  SCV  
  21  1:55  Factory  
  21  1:56  Marine  
  22  2:15  Marine  
  22  2:16  Barracks Tech Lab  
  22  2:17  Supply Depot  
  23  2:38  Marine, SCV  
  25  2:44  Starport  
  25  2:55  Starport  
  25  3:07  Stimpack  
  25  3:24  Liberator  
  25  3:30  Command Center  
  25  3:40  Liberator  
  31  4:05  Supply Depot  
  31  4:20  Orbital Command  
  31  4:36  Medivac  
  33  4:39  Marine  
  33  4:40  Marine  
  35  4:45  SCV  
  36  4:58  SCV, Medivac  
  36  4:59  Marine  
  40  5:00  Marine  
  41  5:10  SCV  
  41  5:12  Medivac  
  44  5:16  Combat Shield  
  44  5:17  Marine  
  45  5:22  SCV  
  45  5:23  SCV  
  47  5:34  SCV  
  48  5:37  Marine  
  48  5:39  Marauder  
  48  5:40  Medivac  
  53  5:45  Refinery  
  53  6:07  Marine  
  54  6:12  Marine  
  54  6:13  Supply Depot  
  42  6:28  Starport Tech Lab  
  42  6:29  Starport Tech Lab  
  42  6:30  SCV  
  43  6:34  Refinery  
  43  6:37  Engineering Bay  
  43  6:42  SCV, Starport  
  44  6:49  Marine  
  51  6:54  SCV  
  52  7:05  Marine  
  52  7:06  SCV  
Tags
 
Add a new tag
Caveats
  • Supply blocks, unpowered buildings, or Contaminate may cause inaccurate times.
  • Supply counts are checked every 10 seconds.